 Dungeon Crawl Stone Soup version 0.30-a0-743-gbfdf073431 (webtiles) character file.

Game seed: 7255152106415882850

70 miscthings the Cudgeller (level 4, -5/38 HPs)
             Began as an Armataur Reaver on Feb 6, 2023.
             Killed by nerve-wracking pain
             ... invoked by an orc priest
              (14 damage)
             ... on level 3 of the Dungeon on Feb 7, 2023.
             The game lasted 00:04:27 (1719 turns).

miscthings the Cudgeller (Armataur Reaver)          Turns: 1719, Time: 00:04:27

Health: -5/38      AC:  6    Str: 17    XL:     4   Next: 3%
Magic:  2/6        EV:  8    Int: 14    God:
Gold:   86         SH:  0    Dex: 10    Spells: 3/6 levels left

rFire   . . .      SeeInvis .    a - +0 mace
rCold   . . .      Faith    .    (no shield)
rNeg    . . .      Spirit   .    g - +0 ring mail
rPois   .          Reflect  .    (no helmet)
rElec   .          Harm     .    i - +0 cloak
rCorr   .          Roll     +    (no gloves)
Will    .....                    (no barding) Stlth
                                 (no amulet)
HPRegen 0.26/turn                (no ring)
MPRegen 0.10/turn                (no ring)

@: very slightly contaminated, hasted, very quick
A: large, rugged brown scales 3, deformed body, armoured tail, roll, long
tongue, awkward tongue
a: no special abilities


You were on level 3 of the Dungeon.
You visited 1 branch of the dungeon, and saw 3 of its levels.

You collected 86 gold pieces.

Inventory:

Hand Weapons
 a - a +0 mace (weapon)
Armour
 b - a +0 leather armour
 g - a +0 ring mail (worn)
 i - a +0 cloak (worn)
Scrolls
 e - a scroll of brand weapon {unknown}
 f - a scroll of summoning {unknown}
 h - 2 scrolls of fear {unknown}
 j - 2 scrolls of teleportation {unknown}
 k - a scroll of vulnerability {unknown}
 l - a scroll of acquirement {unknown}
 m - a scroll of amnesia {unknown}
 n - 2 scrolls of silence {unknown}
 p - a scroll of magic mapping {unknown}
Potions
 c - a potion of cancellation
 d - a potion of haste
 o - a potion of curing {unknown}
 q - 2 potions of resistance {unknown}


   Skills:
 - Level 1.7 Fighting
 + Level 4.5 Maces & Flails
 - Level 1.3 Dodging
 - Level 1.7 Spellcasting
 - Level 2.6 Conjurations


You had 3 spell levels left.
You knew the following spells:

 Your Spells              Type           Power      Damage    Failure   Level
a - Momentum Strike       Conj/Tloc      8%         3d8       36%         2
b - Kiss of Death         Conj/Necr      16%        2d6       26%         1

Your spell library contained the following spells:

 Spells                   Type           Power      Damage    Failure   Level
 Shock                    Conj/Air       16%        1d4       26%         1
 Sublimation of Blood     Necr           1%         N/A       56%         2
 Dazzling Flash           Conj/Hex       8%         N/A       61%         3
 Hailstorm                Conj/Ice       4%         3d4       61%         3
 Swiftness                Air            1%         N/A       80%         3
 Iskenderun's Mystic Bla  Conj/Tloc      4%         2d3       95%         4
 Airstrike                Air            0%         2d(1-17)  99%         4
 Petrify                  Tmut/Erth      1%         N/A       99%         4
 Agony                    Necr           1%         N/A       100%        5
 Irradiate                Conj/Tmut      2%         3d12      100%        5
 Silence                  Hex/Air        0%         N/A       100%        5
 Starburst                Conj/Fire      2%         6d3       100%        6


Dungeon Overview and Level Annotations

Branches:
Dungeon (3/15)

Altars:


Innate Abilities, Weirdness & Mutations

You are completely covered in rugged brown scales. (AC +3, +7% HP)
Armour fits poorly on your strangely shaped body.
You have a long armoured tail.
You roll when moving toward enemies. (Rampage)
Your long tongue fully drains potion bottles. (2x potion effects)
Your tongue gives you trouble enunciating. (1.5x scroll delay)


Message History

The orc priest hits you but does no damage.
Casting: Kiss of Death (safe; 26% risk of failure)
Confirm with . or Enter, or press ? or * to list all spells.
Aiming: Kiss of Death (safe; 26% risk of failure)
Press: ? - help, Shift-Dir - straight line, f/p - orc priest
Aim: an orc priest, wielding a +0 flail (100% to hit)
You miscast Kiss of Death.
Nothing appears to happen.
The orc barely misses you.
The orc priest hits you with a +0 flail.
Casting: Kiss of Death (safe; 26% risk of failure)
Confirm with . or Enter, or press ? or * to list all spells.
Aiming: Kiss of Death (safe; 26% risk of failure)
Press: ? - help, Shift-Dir - straight line, f/p - orc priest
Aim: an orc priest, wielding a +0 flail (100% to hit)
You miscast Kiss of Death.
Nothing appears to happen.
The orc hits you but does no damage.
The orc priest mumbles some strange prayers to Beogh against you.
You barely resist.
Casting: Kiss of Death (safe; 26% risk of failure)
Confirm with . or Enter, or press ? or * to list all spells.
Aiming: Kiss of Death (safe; 26% risk of failure)
Press: ? - help, Shift-Dir - straight line, f/p - orc priest
Aim: an orc priest, wielding a +0 flail (100% to hit)
You miscast Kiss of Death.
Nothing appears to happen.
The orc hits you with a +0 club.
The orc priest hits you with a +0 flail.
You barely miss the orc priest. The orc hits you but does no damage.
The orc priest calls down the wrath of Beogh upon you.
Pain shoots through your body!
* * * LOW HITPOINT WARNING * * *
You slurp down every last drop of the 2 potions of haste!
You feel yourself speed up. The orc closely misses you.
The orc priest hits you but does no damage.
You closely miss the orc priest. The orc hits you but does no damage.
The orc priest hits you with a +0 flail.
* * * LOW HITPOINT WARNING * * *
You barely miss the orc priest. The orc closely misses you.
The orc priest mumbles some strange prayers to Beogh against you.
Pain shoots through your body!
You die...

###.########...
#.# ... . ##.##
.. #...# ...
#...# ... #...#
.. #####...##.#
#.#o..).....#
#Bo@.......##
#)#.........#
.....###...##.#
#####.# #...#
## #?. ....#
#.# #...# #.#
##.## #.# ##


You could see an orc priest, an orc and a giant cockroach.

Vanquished Creatures
  An adder (D:2)
  A worm (D:2)
  A dart slug (D:1)
  2 orcs (D:3)
  5 ball pythons
  6 endoplasms
  2 giant cockroaches
  6 goblins
  6 hobgoblins
  3 jackals
  5 kobolds
  A quokka (D:1)
  2 bats (D:1)
  2 frilled lizards (D:1)
  3 rats
46 creatures vanquished.

Notes
Turn   | Place    | Note
-------+----------+-------------------------------------------
     0 | D:1      | miscthings the Armataur Reaver began the quest for the Orb.
     0 | D:1      | Reached XP level 1. HP: 18/18 MP: 3/3
    37 | D:1      | Reached skill level 3 in Maces & Flails
    84 | D:1      | Reached XP level 2. HP: 25/25 MP: 4/4
    87 | D:1      | Learned a level 2 spell: Momentum Strike
   412 | D:1      | Reached XP level 3. HP: 28/31 MP: 5/5
   667 | D:1      | Reached skill level 4 in Maces & Flails
  1699 | D:3      | Reached XP level 4. HP: 34/38 MP: 6/6
  1719 | D:3      | Killed from afar by an orc priest

Illustrated notes

Levels and vault maps discovered:
D:1:      dpeg_arrival_pits, layout_basic, hangedman_feature_mirror,
          chequers_serial_rivers_small_b
D:2:      layout_basic
D:3:      layout_loops_cross, serial_shops, shop_coins

Skill      XL: |  1  2  3 |
---------------+----------+-----
Maces & Flails | 3 4 |  4.5
Fighting       | |  1.7
Dodging        | |  1.3
Spellcasting   | |  1.7
Conjurations   | |  2.6

Action                     |  1- 3 |  4- 6 || total
---------------------------+-------+-------++-------
  Melee: Mace              |   121 |    12 ||   133
         Tailslap          |    18 |     1 ||    19
         Punch             |     1 |       ||     1
   Cast: Momentum Strike   |     2 |       ||     2
    Use: Scroll            |     2 |       ||     2
         Potion            |       |     1 ||     1
 Armour: Leather armour    |    13 |       ||    13
         Ring mail         |    33 |     8 ||    41
  Dodge: Dodged            |    43 |     5 ||    48

Table legend: (Time is in decaauts)
 A = Elapsed time spent in this place.
 B = Non-inter-level travel time spent in this place.
 C = Inter-level travel time spent in this place.
 D = Time resting spent in this place.
 E = Time spent auto-exploring this place.
 F = Levels seen in this place.
 G = Mean time per level.
                   A        B        C        D        E       F      G
               +--------+--------+--------+--------+--------+-----+--------+
         Total |   1747 |   1502 |    245 |     13 |   1118 |   3 |  582.3 |
       Dungeon |   1747 |   1502 |    245 |     13 |   1118 |   3 |  582.3 |
               +--------+--------+--------+--------+--------+-----+--------+

Top non-repeatable levels by time:
     D:1: 926 daAuts
     D:2: 695 daAuts
     D:3: 125 daAuts
